 Dungeon Crawl Stone Soup version 0.21-a0-417-g0adc95b (webtiles) character file.

456 TheDeThijs the Basher (level 6, -5/56 HPs)
             Began as a Minotaur Berserker on Nov 3, 2017.
             Was a Priest of Trog.
             Slain by a two-headed ogre
             ... wielding a cursed -1 giant club
              (21 damage)
             ... on level 3 of the Dungeon.
             The game lasted 00:11:50 (3996 turns).

TheDeThijs the Basher (Minotaur Berserker)          Turns: 3996, Time: 00:11:51

Health: -5/56      AC:  8    Str: 22    XL:     6   Next: 77%
Magic:  5/5        EV:  8    Int:  4    God:    Trog [***...]
Gold:   178        SH:  0    Dex: 11    Spells: 5/5 levels left

rFire    . . .     SeeInvis .   a - +1 mace
rCold    . . .     Gourm    .   (no shield)
rNeg     . . .     Faith    .   s - +0 chain mail
rPois    .         Spirit   .   (helmet restricted)
rElec    .         Reflect  .   (no cloak)
rCorr    .         Harm     .   (no gloves)
MR       .....                  (no boots)
Stlth    ..........             t - amulet of magic regeneration
HPRegen  0.18/turn              p - ring of wizardry
MPRegen  0.34/turn              (no ring)

@: no status effects
A: retaliatory headbutt, horns 2
a: Berserk, Trog's Hand, Burn Spellbooks, Renounce Religion


You were on level 3 of the Dungeon.
You worshipped Trog.
Trog was most pleased with you.
You were hungry.

You visited 1 branch of the dungeon, and saw 4 of its levels.
You also visited: Sewer.

You collected 178 gold pieces.

Inventory:

Hand Weapons
 a - a +1 mace (weapon)
 r - a +0 mace
Missiles
 y - 8 poisoned javelins (quivered)
Armour
 b - a +0 animal skin
 s - a +0 chain mail (worn)
Jewellery
 p - a ring of wizardry (left hand)
 t - an amulet of magic regeneration (around neck)
 w - an uncursed ring of wizardry
Scrolls
 e - 4 scrolls of identify
 f - a scroll of fog {unknown}
 h - 2 scrolls of teleportation {unknown}
 k - 2 scrolls of enchant weapon
 m - a scroll of magic mapping {unknown}
 o - 2 scrolls of remove curse
 q - a scroll of enchant armour {unknown}
 u - 2 scrolls of amnesia {unknown}
 v - a scroll of noise {unknown}
Potions
 g - 3 potions of curing
 i - 3 potions of flight
 j - 2 potions of agility
 n - a potion of invisibility
 z - a potion of mutation {unknown}
Comestibles
 c - 6 bread rations
 d - 2 meat rations
 l - 9 fruits


   Skills:
 + Level 5.4 Fighting
 * Level 8.3 Maces & Flails
 - Level 2.4 Armour
 - Level 2.1 Dodging
 - Level 0.1 Stealth


You had 5 spell levels left.
You didn't know any spells.

Dungeon Overview and Level Annotations

Branches:
Dungeon (4/15)
 Temple: D:4-7

Altars:
Gozag
Hepliaklqana
Nemelex Xobeh
Qazlal
Trog
Vehumet
Zin


Innate Abilities, Weirdness & Mutations

You reflexively headbutt those who attack you in melee.
You have a pair of horns on your head.


Message History

* * * LOW HITPOINT WARNING * * *
You climb upwards.
There is a stone staircase leading down here.
You feel much better.
As you read the scroll labeled XONKI RYBUBBAW, it crumbles to dust.
You feel blessed for a moment.
It was a scroll of remove curse.
The two-headed ogre hits you with a giant club!
The two-headed ogre closely misses you.
Unknown command.
As you read the scroll labeled FOS JESUDAC, it crumbles to dust.
It is a scroll of enchant weapon.
Your +0 mace glows red for a moment.
The two-headed ogre hits you with a giant club.
* * * LOW HITPOINT WARNING * * *
The two-headed ogre closely misses you.
As you read the scroll labeled YLLELIRYEC, it crumbles to dust.
It is a scroll of identify.
r - a +0 mace The two-headed ogre hits you with a giant club!!
You die...

###..'.(......#.#...#
.<#..#........#.#...# #####
#.#..#........#.#...# #....
.....######+###'#...### #....
..#.## #...........#### #....
###.# ##........^....# #....
..#.# #.............####....
#.#.# #####.............##.'....
#.#.####...#....@........##.#....
#.#....'.[.'...O.................
#W######...#..........#####......
#.# #...###'######## #####'#
#.######...###.# ######## #.#
#§##...........#####......# #.#
#.##.#######..............# #.#
#..[.....# #.##≈≈≈≈≈##....# #.#
######'#.# #.##≈≈≈≈≈##....#####.#


You could see a two-headed ogre.

Vanquished Creatures
  A phantom (D:3)
  A big kobold (Sewer)
  A centaur zombie (D:4)
  Jessica (D:2)
  A worker ant (D:4)
  Robin (D:4)
  5 adders
  3 river rats
  An ooze (D:2)
  An adder skeleton (D:4)
  3 worms
  2 dart slugs
  4 leopard geckos
  4 orcs
  8 bats
  9 giant cockroaches
  10 goblins
  9 hobgoblins
  14 jackals
  2 quokkas
  2 ball pythons
  3 frilled lizards
  10 kobolds
  12 rats
108 creatures vanquished.

Notes
Turn   | Place    | Note
-------+----------+-------------------------------------------
     0 | D:1      | TheDeThijs the Minotaur Berserker began the quest for the Orb.
     0 | D:1      | Reached XP level 1. HP: 19/19 MP: 0/0
   448 | D:1      | Reached XP level 2. HP: 27/27 MP: 1/1
   571 | D:1      | Reached skill level 4 in Maces & Flails
  1350 | D:2      | Noticed Jessica
  1409 | D:2      | Reached XP level 3. HP: 32/34 MP: 2/2
  1604 | D:2      | Killed Jessica
  1604 | D:2      | Reached skill level 5 in Maces & Flails
  1604 | D:2      | Reached XP level 4. HP: 35/41 MP: 3/3
  1665 | D:2      | Found a sparkling altar of Nemelex Xobeh.
  1992 | D:2      | Found a stormy altar of Qazlal.
  1994 | D:2      | Noticed an earth elemental
  1994 | D:2      | Noticed an air elemental
  1995 | D:2      | Noticed a fire elemental
  1995 | D:2      | Noticed a water elemental
  1999 | D:2      | Reached ** piety under Trog
  2197 | D:3      | Noticed a phantom
  2401 | D:3      | Killed a phantom
  2401 | D:3      | Reached skill level 5 in Fighting
  2401 | D:3      | Reached skill level 6 in Maces & Flails
  2401 | D:3      | Reached XP level 5. HP: 42/48 MP: 4/4
  2448 | D:3      | Found a glowing drain.
  2536 | Sewer    | Entered a sewer
  2552 | Sewer    | Reached skill level 7 in Maces & Flails
  2756 | Sewer    | Reached XP level 6. HP: 56/56 MP: 5/5
  2801 | Sewer    | Found a white marble altar of Elyvilon.
  3298 | D:3      | Reached *** piety under Trog
  3476 | D:4      | Noticed Robin
  3511 | D:4      | Killed Robin
  3607 | D:4      | Reached skill level 8 in Maces & Flails
  3609 | D:4      | Found an opulent altar of Gozag.
  3609 | D:4      | Found a hazy altar of Hepliaklqana.
  3614 | D:4      | Found a bloodstained altar of Trog.
  3616 | D:4      | Found a glowing silver altar of Zin.
  3617 | D:4      | Found a radiant altar of Vehumet.
  3970 | D:4      | Noticed a two-headed ogre
  3996 | D:3      | Slain by a two-headed ogre

Vault maps used:
D:1:      dpeg_arrival_rhombus
D:2:      kb_forest_paths, nicolae_qazlal_style_of_elements, grunt_ministairs_9,
          nemelex_lonely_heart_becter, uniq_jessica
D:3:      cheibrodos_sewer_entry_sluice, first_bread
D:4:      chequers_temple_overflow_minitemple, uniq_blork_the_orc, uniq_robin
Sewer:    sewer_kobolds

Skill      XL: |  1  2  3  4  5  6 |
---------------+-------------------+-----
Fighting       | 4 5 |  5.4
Maces & Flails | 4 5 6 7 8 |  8.3
Armour         | |  2.4
Dodging        | |  2.1
Stealth        | |  0.1

Action                   |  1- 3 |  4- 6 || total
-------------------------+-------+-------++-------
Melee: Mace              |    55 |   233 ||   288
       Headbutt          |     7 |    36 ||    43
Throw: Javelin           |       |     2 ||     2
Invok: Berserk           |     1 |     1 ||     2
  Use: Potion            |       |     8 ||     8
       Scroll            |       |     3 ||     3
 Stab: Sleeping          |     4 |       ||     4
  Eat: Royal jelly       |     1 |       ||     1
       Chunk             |     1 |     8 ||     9
Armor: Animal skin       |    11 |     4 ||    15
       Chain mail        |       |   112 ||   112
Dodge: Dodged            |    26 |   105 ||   131

Table legend:
 A = Spawn XP
 B = Non-spawn XP
 C = Spawn XP percentage of total XP
 D = Spawn monster count
 E = Non-spawn monster count
 F = Spawn count percentage of total count
 G = Total turns spent on level
                    A         B        C        D         E        F      G
               +---------+---------+-------+---------+---------+-------+---------
         Total |       0 |     652 |   0.0 |       0 |     108 |   0.0 |  3996
               +---------+---------+-------+---------+---------+-------+---------
           D:1 |       0 |      33 |   0.0 |       0 |      18 |   0.0 |  1399
           D:2 |       0 |     117 |   0.0 |       0 |      22 |   0.0 |   892
           D:3 |       0 |     210 |   0.0 |       0 |      31 |   0.0 |   748
           D:4 |       0 |     155 |   0.0 |       0 |      25 |   0.0 |   560
         Sewer |       0 |     137 |   0.0 |       0 |      12 |   0.0 |   397
               +---------+---------+-------+---------+---------+-------+---------
